 Dungeon Crawl Stone Soup version 0.21-a0-460-g737a915 (webtiles) character file.

38 slep the Skirmisher (level 3, 0/29 HPs)
             Began as a Demonspawn Monk on Nov 20, 2017.
             Killed from afar by Sigmund (4 damage)
             ... with a puff of flame
             ... on level 3 of the Dungeon.
             The game lasted 00:04:47 (1445 turns).

slep the Skirmisher (Demonspawn Monk)               Turns: 1445, Time: 00:04:48

Health: 0/29       AC:  5    Str:  9 (11) XL:     3   Next: 25%
Magic:  3/3        EV: 11    Int:  9 (11) God:
Gold:   77         SH:  0    Dex: 16 (18) Spells: 2/2 levels left

rFire    + . .     SeeInvis .   f - +1 hand axe (chop)
rCold    + + .     Gourm    .   (no shield)
rNeg     . . .     Faith    .   v - +0 ring mail
rPois    +         Spirit   .   (no helmet)
rElec    +         Reflect  .   (no cloak)
rCorr    +         Harm     .   (no gloves)
MR       .....     Rnd*Tele +   (no boots)
Stlth    ..........             h - amulet of magic regeneration
HPRegen  0.09/turn              (no ring)
MPRegen  0.33/turn              (no ring)

@: confused, resistant
A: agile 1, cold resistance 1, teleportitis 1, rot immunity
a: no special abilities


You were on level 3 of the Dungeon.
You were not hungry.

You visited 1 branch of the dungeon, and saw 3 of its levels.

You collected 77 gold pieces.

Inventory:

Hand Weapons
 a - a +0 falchion
 f - a +1 hand axe of chopping (weapon)
 u - a +1 dagger of venom
Missiles
 w - 2 tomahawks (quivered)
Armour
 b - a +0 robe
 q - a +1 robe of magic resistance
 v - a +0 ring mail (worn)
Jewellery
 h - an amulet of magic regeneration (around neck)
Wands
 p - a wand of disintegration (15)
Scrolls
 d - 3 scrolls of identify {unknown}
 k - 3 scrolls of remove curse {unknown}
 l - a scroll of amnesia {unknown}
 o - a scroll of enchant weapon {unknown}
 r - a scroll of fear {unknown}
 s - a scroll of noise {unknown}
Potions
 n - a potion of brilliance {unknown}
 t - a potion of lignification {unknown}
Comestibles
 c - a bread ration
 j - 2 meat rations


   Skills:
 + Level 3.2 Fighting
 + Level 3.2 Long Blades
 + Level 0.3 Axes
 + Level 3.1 Dodging
 + Level 2.1 Stealth


You had 2 spell levels left.
You didn't know any spells.

Dungeon Overview and Level Annotations

Branches:
Dungeon (3/15)

Altars:

Annotations:
D:3 Sigmund


Innate Abilities, Weirdness & Mutations

You are immune to rotting.
You are agile. (Dex +2)
Your flesh is cold resistant. (rC+)
You are occasionally teleported next to monsters.


Message History

Sigmund hits you with a scythe.
An orc comes into view. It is wielding a club.
You closely miss Sigmund.
Sigmund is moderately wounded.
Sigmund hits you but does no damage.
You hit Sigmund.
Sigmund is heavily wounded.
Sigmund hits you with a scythe!
* * * LOW HITPOINT WARNING * * *
You closely miss Sigmund.
Sigmund is heavily wounded.
Sigmund points at you and mumbles some strange words.
You are confused.
You hit Sigmund but do no damage.
Sigmund is heavily wounded.
Sigmund closely misses you.
All of the chunks of flesh in your inventory have rotted away.
Sigmund gestures at you while chanting. The puff of flame hits you! You resist.
You die...

#. #.. #.. #.#
#.## #.. #
#.##.#.#
########..@o..#
........@####.#
#####..##
#.<..## #...###
#..... #.......
##......#
##.....#
.......


You could see Sigmund and an orc.

Vanquished Creatures
  An ooze (D:2)
  A dart slug (D:2)
  A leopard gecko (D:1)
  2 giant cockroaches (D:1)
  2 goblins
  4 hobgoblins
  2 jackals (D:1)
  4 bats
  A frilled lizard (D:2)
  3 kobolds
  9 rats
30 creatures vanquished.

Notes
Turn   | Place    | Note
-------+----------+-------------------------------------------
     0 | D:1      | slep the Demonspawn Monk began the quest for the Orb.
     0 | D:1      | Reached XP level 1. HP: 18/18 MP: 1/1
   238 | D:1      | Gained mutation: You are immune to rotting. [demonic ancestry]
   238 | D:1      | Reached XP level 2. HP: 23/24 MP: 2/2
   827 | D:2      | Reached XP level 3. HP: 25/29 MP: 3/3
  1428 | D:3      | Noticed Sigmund
  1433 | D:3      | Gained mutation: Your flesh is cold resistant. (rC+) [potion of mutation]
  1433 | D:3      | Gained mutation: You are occasionally teleported next to monsters. [potion of mutation]
  1433 | D:3      | Gained mutation: You are agile. (Dex +2) [potion of mutation]
  1445 | D:3      | Killed from afar by Sigmund

Vault maps used:
D:1:      evilmike_arrival_come_back
D:3:      trog_eyes_of_draining, gammafunk_temple_overflow_arena,
          kiku_gazebo_pond_becter, first_bread, uniq_sigmund

Skill      XL: |  1  2 |
---------------+-------+-----
Long Blades    | 3 |  3.2
Dodging        | 3 |  3.1
Stealth        | 2 |  2.1
Fighting       | |  3.2
Axes           | |  0.3

Action                   || total
-------------------------++-------
Melee: Falchion          ||    31
       Hand axe          ||    49
  Use: Potion            ||     3
 Stab: Sleeping          ||     3
  Eat: Chunk             ||     2
Armor: Robe              ||     3
       Ring mail         ||     5
Dodge: Dodged            ||    57
       Rpst.: Falchion   ||    10

Table legend:
 A = Spawn XP
 B = Non-spawn XP
 C = Spawn XP percentage of total XP
 D = Spawn monster count
 E = Non-spawn monster count
 F = Spawn count percentage of total count
 G = Total turns spent on level
                    A         B        C        D         E        F      G
               +---------+---------+-------+---------+---------+-------+---------
         Total |       0 |      55 |   0.0 |       0 |      30 |   0.0 |  1445
               +---------+---------+-------+---------+---------+-------+---------
           D:1 |       0 |      29 |   0.0 |       0 |      18 |   0.0 |   693
           D:2 |       0 |      25 |   0.0 |       0 |      11 |   0.0 |   730
           D:3 |       0 |       1 |   0.0 |       0 |       1 |   0.0 |    22
               +---------+---------+-------+---------+---------+-------+---------
